 Dungeon Crawl Stone Soup version 0.17-a0-1368-g6ab37f2 (webtiles) character file.

303 bal the Sneak (level 6, -1/43 HPs)
             Began as a Vampire Enchanter on June 12, 2015.
             Killed by divine providence
             ... invoked by an orc priest
              (13 damage)
             ... on level 4 of the Dungeon.
             The game lasted 00:24:47 (3519 turns).

bal the Sneak (Vampire Enchanter)                   Turns: 3519, Time: 00:24:47

Health: -1/43      AC:  5    Str:  7    XL:     6   Next: 15%
Magic:  7/10       EV: 16    Int: 19    God:
Gold:   171        SH:  0    Dex: 15    Spells: 3 memorised, 4 levels left

rFire  . . .     SeeInvis +     h - +0 whip (freeze)
rCold  . . .     Clarity  .     j - +1 robe
rNeg   + . .     SustAt   .     (no shield)
rPois  .         Gourm    .     e - +0 helmet
rElec  .         Spirit   .     (no cloak)
rCorr  .         Warding  .     (no gloves)
rMut   .         Stasis   .     (no boots)
MR     .....                    (no amulet)
Stlth  ++++......               (no ring)
                                i - +1 ring of protection

@: not resistant to hostile enchantments, stealthy
A: fangs 3, repulsion field 1, see invisible, screaming 1, spit poison 1,
unbreathing
a: Spit Poison, Bat Form


You were on level 4 of the Dungeon.
You were not thirsty.

You visited 1 branch of the dungeon, and saw 4 of its levels.

You collected 171 gold pieces.

Inventory:

Hand weapons
 a - a +1 dagger
 b - a +0 blowgun
 h - a +0 whip of freezing (weapon)
 l - a +0 hunting sling
Missiles
 k - 40 sling bullets
 m - 25 poisoned needles
Armour
 e - a +0 helmet (worn)
 j - a +1 robe (worn)
Jewellery
 i - a +1 ring of protection (left hand)
 n - an uncursed amulet of rage
Scrolls
 f - 2 scrolls of fear
 g - 3 scrolls of identify
 o - a scroll of enchant armour {unknown}
Potions
 d - 8 potions of blood
Books
 c - a book of Maledictions

   Spells                             Type                      Level
   a - Corona                         Hexes                        1
   b - Ensorcelled Hibernation        Hexes/Ice                    2
   c - Confuse                        Hexes                        3
   d - Tukima's Dance                 Hexes                        3
   e - Dazzling Spray                 Conjuration/Hexes            3


   Skills:
 + Level 1.0 Fighting
 + Level 1.2 Short Blades
 + Level 0.2 Slings
 + Level 4.0 Dodging
 + Level 6.6 Stealth
 + Level 2.9 Spellcasting
 + Level 5.7 Hexes
 + Level 1.4 Ice Magic


You had 4 spell levels left.
You knew the following spells:

 Your Spells              Type           Power        Failure   Level  Hunger
a - Corona                Hex            ###....      1%          1    None
b - Ensorcelled Hibernat  Hex/Ice        ###...       8%          2    ##.....
c - Tukima's Dance        Hex            ###.....     6%          3    ###....


Dungeon Overview and Level Annotations

Branches:
Dungeon (4/15)
 Temple: D:4-7

Altars:
Fedhas


Innate Abilities, Weirdness & Mutations

You have razor-sharp teeth.
You have supernaturally acute eyesight.
You can survive without breathing.
You are surrounded by a mild repulsion field (EV +2).
You occasionally shout uncontrollably at your foes.
You can spit weak poison.


Message History

Press: ? - help, v - describe, . - travel The floor.
Casting: Ensorcelled Hibernation
Confirm with . or Enter, or press ? or * to list all spells.
Okay, then.
Casting: Ensorcelled Hibernation
Confirm with . or Enter, or press ? or * to list all spells.
Aiming: Tukima's Dance
Press: ? - help, Shift-Dir - straight line, f - orc priest
Aim: an orc priest, wielding a club (hasn't noticed you, chance to defeat MR: 80%)
The orc priest shouts!
The club dances into the air!
The orc shouts!
The orc priest shouts!
The orc priest calls down the wrath of Beogh upon you.
Something smites you!
* * * LOW HITPOINT WARNING * * *
The orc priest becomes somewhat translucent.
The orc priest calls down the wrath of Beogh upon you.
Something smites you!
You die...

#......##..# ## #....o.#...#
# ##.....)..# ####...(....#
#........o..# #...
#######..o..## #..#
##.......# ##..# #....##..##
#..# ##...###..@## ##..##
##........)..# ###....###
#............###..).....####
####..............).........
##............###........
####..........### ##.......
####.............# ##......
#................# ##.....
#########........# ##....


You could see 2 orc priests, an orc and a friendly club.

Vanquished Creatures
  A scorpion (D:4)
  2 orc wizards
  An iguana (D:4)
  A hound skeleton (D:4)
  Robin (D:2)
  5 adders
  An ooze (D:4)
  An adder skeleton (D:4)
  3 worms
  2 giant geckos
  10 orcs
  5 giant cockroaches
  9 hobgoblins
  3 jackals (D:2)
  2 quokkas
  A ball python (D:2)
  4 bats
  8 giant newts
  17 goblins
  5 kobolds
  7 rats
89 creatures vanquished.

Notes
Turn   | Place    | Note
--------------------------------------------------------------
     0 | D:1      | bal the Vampire Enchanter began the quest for the Orb.
     0 | D:1      | Reached XP level 1. HP: 13/13 MP: 3/3
   356 | D:1      | Reached XP level 2. HP: 17/19 MP: 5/5
   383 | D:1      | Learned a level 2 spell: Ensorcelled Hibernation
   832 | D:2      | Reached skill level 5 in Stealth
   894 | D:2      | Noticed Robin
   912 | D:2      | Reached XP level 3. HP: 22/24 MP: 1/6
   988 | D:2      | Gained mutation: You can spit weak poison. [potion of mutation]
   988 | D:2      | Gained mutation: You occasionally shout uncontrollably at your foes. [potion of mutation]
  1216 | D:2      | Killed Robin
  1266 | D:2      | Found a faded altar to an unknown god.
  1275 | D:2      | Reached skill level 5 in Hexes
  1533 | D:2      | Gained mutation: You are surrounded by a mild repulsion field (EV +2). [potion of beneficial mutation]
  1589 | D:2      | Reached XP level 4. HP: 13/31 MP: 7/7
  2076 | D:3      | Found a blossoming altar of Fedhas.
  2503 | D:3      | Reached skill level 6 in Stealth
  2503 | D:3      | Reached skill level 1 in Ice Magic
  2503 | D:3      | Reached XP level 5. HP: 8/36 MP: 0/9
  3312 | D:4      | Reached skill level 1 in Fighting
  3312 | D:4      | Reached XP level 6. HP: 22/43 MP: 5/10
  3395 | D:4      | Noticed a phantom
  3430 | D:4      | Learned a level 3 spell: Tukima's Dance
  3519 | D:4      | Killed from afar by an orc priest

Vault maps used:
D:1:      lemuel_arrival_lava_pool, st_stairs_7
D:2:      ecumenical_altar_2, kennysheep_generic_room_12, uniq_robin
D:3:      fedhas_altar_1
D:4:      first_bread, serial_shops, kennysheep_mini,
          kennysheep_cross_bottleneck

Action                   |  1- 3 |  4- 6 || total
-------------------------+-------+-------++-------
Melee: Dagger            |    79 |   175 ||   254
       Whip              |       |    20 ||    20
 Fire: Hunting sling     |       |     5 ||     5
 Cast: Corona            |     3 |       ||     3
       Ensorcelled Hiber |    11 |    43 ||    54
       Tukima's Dance    |       |     1 ||     1
  Use: Potion            |     7 |    11 ||    18
       Scroll            |     4 |     5 ||     9
 Stab: Sleeping          |    20 |    28 ||    48
